 Dungeon Crawl Stone Soup version 0.30.0-5-g1a98f26d00 (webtiles) character file.

Game seed: 14650429917863416736

10836 NateTC the Severer (level 11, 0/101 HPs)
             Began as a Hill Orc Fighter on May 10, 2023.
             Was a High Priest of Okawaru.
             Slain by a 13-headed hydra (7 damage)
             ... on level 2 of the Lair of Beasts.
             The game lasted 00:13:10 (10410 turns).

NateTC the Severer (Hill Orc Fighter)              Turns: 10410, Time: 00:13:11

Health: 0/101      AC: 32    Str: 24    XL:     11   Next: 68%
Magic:  16/16      EV:  8    Int:  6    God:    Okawaru [*****.]
Gold:   458        SH:  5    Dex: 10    Spells: 10/10 levels left

rFire   . . .        a - +3 broad axe (protect)
rCold   . . .        c - +0 buckler
rNeg    . . .        w - +3 chain mail of Ibus {+Inv rElec Int-2 Stlth+}
rPois   .            j - +1 helmet
rElec   +            B - +0 cloak
rCorr   .            f - +2 pair of gloves {Stlth+}
SInv    .            m - +0 pair of boots
Will    .....        (no amulet) Stlth
                     y - +4 ring of protection
HPRegen 0.36/turn    u - +4 ring of slaying
MPRegen 0.15/turn

%: no passive effects
@: mighty, under a protective aura
A: no striking features
a: Renounce Religion, Evoke Invisibility, Heroism, Finesse, Duel


You were on level 2 of the Lair of Beasts.
You worshipped Okawaru.
Okawaru was extremely pleased with you.
You visited 3 branches of the dungeon, and saw 13 of its levels.

You collected 458 gold pieces.

Inventory:

Hand Weapons
 a - a +3 broad axe of protection (weapon)
Missiles
 r - 2 throwing nets (quivered)
Armour
 c - a +0 buckler (worn)
 f - a +2 pair of gloves of stealth (worn)
 j - a +1 helmet (worn)
 m - a +0 pair of boots (worn)
 w - the +3 chain mail of Ibus (worn) {+Inv rElec Int-2 Stlth+}
   (You found it on level 7 of the Dungeon)

   Int:       It affects your intelligence (-2).
   rElec:     It insulates you from electricity.
   +Inv:      It lets you turn invisible.
   Stlth:     It makes you more stealthy.
 B - a +0 cloak (worn)
Jewellery
 u - a +4 ring of slaying (right hand)
 y - a +4 ring of protection (left hand)
 C - a ring of protection from cold
 H - a ring of protection from fire
Wands
 o - a wand of polymorph (13)
 t - a wand of roots (15)
 v - a wand of paralysis (21)
 D - a wand of flame (19)
 F - a wand of mindburst (17)
Scrolls
 g - a scroll of brand weapon
 h - a scroll of enchant armour
 s - 4 scrolls of teleportation
 x - 2 scrolls of amnesia
 E - a scroll of torment {unknown}
 J - a scroll of magic mapping
Potions
 b - a potion of resistance
 e - 3 potions of heal wounds
 i - 7 potions of curing
 k - 2 potions of attraction
 l - 2 potions of berserk rage {unknown}
 n - 2 potions of brilliance {unknown}
 p - 3 potions of flight {unknown}
 q - a potion of cancellation {unknown}
 z - a potion of haste {unknown}
 A - 4 potions of lignification


   Skills:
 - Level 10.7 Fighting
 - Level 16.8 Axes
 - Level 6.0 Armour
 - Level 6.0 Shields
 * Level 7.7 Invocations
 * Level 2.9 Evocations


You had 10 spell levels left.
You didn't know any spells.
Your spell library contained the following spells:

 Spells                   Type           Power      Damage    Failure   Level
 Apportation              Tloc           0%         N/A       96%         1
 Kiss of Death            Conj/Necr      0%         2d5       96%         1
 Necrotise                Necr           0%         1d4       96%         1
 Confusing Touch          Hex            0%         N/A       100%        3
 Dazzling Flash           Conj/Hex       0%         N/A       100%        3
 Portal Projectile        Hex/Tloc       0%         N/A       100%        3
 Dispel Undead            Necr           0%         3d6       100%        4
 Passage of Golubria      Tloc           0%         N/A       100%        4
 Agony                    Necr           0%         N/A       100%        5
 Blade Hands              Tmut           0%         N/A       100%        5
 Silence                  Hex/Air        0%         N/A       100%        5
 Lehudib's Crystal Spear  Conj/Erth      0%         10d2      100%        8
 Summon Small Mammal      Summ           Unusable   N/A       N/A         1
 Tukima's Dance           Hex            Unusable   N/A       N/A         3

Dungeon Overview and Level Annotations

Branches:
Dungeon (10/15) Zot: 26148  Temple (1/1) D:7 Zot: 5894    Lair (2/5) D:8 Zot: 10708
    Orc (0/2) D:9
  Swamp: Lair:2-3    Shoals: Lair:2-3     Snake: Lair:2-3    Spider: Lair:2-3

Altars:
Ashenzari
Cheibriados
Fedhas
Makhleb
Nemelex Xobeh
Okawaru
Qazlal
Ru
Sif Muna
Uskayaw
Vehumet
Xom
Yredelemnul
Zin

Shops:
D:4 [   D:5 [

Annotations:
Lair:2 2 transporters, zepal's ghost, journeyman TrMo


Message History

You block the ten-headed hydra's attack.
You slice one of the ten-headed hydra's heads off!
The nine-headed hydra grows two more!
You slice the 11-headed hydra!!
The 11-headed hydra is severely wounded.
The 11-headed hydra bites you but does no damage. x2
The 11-headed hydra barely misses you.
The 11-headed hydra completely misses you.
The 11-headed hydra bites you. The 11-headed hydra bites you!
You block the 11-headed hydra's attack. The 11-headed hydra closely misses you.
You block the 11-headed hydra's attack.
The 11-headed hydra bites you but does no damage. x2
You hack one of the 11-headed hydra's heads off!
The ten-headed hydra grows two more!
You slash the 12-headed hydra!
The 12-headed hydra is severely wounded.
The 12-headed hydra bites you but does no damage.
The 12-headed hydra bites you. The 12-headed hydra bites you!
* * * LOW HITPOINT WARNING * * *
The 12-headed hydra bites you but does no damage.
The 12-headed hydra barely misses you.
The 12-headed hydra bites you but does no damage. x3
The 12-headed hydra bites you.
* * * LOW HITPOINT WARNING * * *
The 12-headed hydra bites you but does no damage.
The 12-headed hydra barely misses you.
The 12-headed hydra bites you but does no damage.
You lop one of the 12-headed hydra's heads off!
The 11-headed hydra grows two more!
You slice the 13-headed hydra!!
The 13-headed hydra is almost dead.
The 13-headed hydra bites you but does no damage.
The 13-headed hydra bites you!
* * * LOW HITPOINT WARNING * * *
The 13-headed hydra bites you.
* * * LOW HITPOINT WARNING * * *
The 13-headed hydra bites you.
* * * LOW HITPOINT WARNING * * *
The 13-headed hydra bites you but does no damage. x4
The 13-headed hydra bites you.
* * * LOW HITPOINT WARNING * * *
You block the 13-headed hydra's attack. The 13-headed hydra bites you!
You die...

#........##S..S..~##...
P.....#...##S###h##.....
...........##YYF##......
......#.....#####.......
......#...P.............
......#...P.............
##+...P.................
>.......<...........#
####..######.@.....#
...#........D.)..# .#.
..............# #
......#$<....##
.............#
......#.......#
..............# ##+##
#......#.


You could see a death yak, a 13-headed hydra, an elephant, a polar bear, a cane
toad and a water moccasin.

Vanquished Creatures
  2 two-headed ogres
  A skeletal warrior (D:9)
  A cane toad (Lair:1)
  Maggie (D:6)
  4 komodo dragons (Lair:2)
  A troll (D:9)
  Sigmund (D:3)
  A vampire (D:9)
  2 wyverns
  A basilisk (Lair:1)
  10 yaks (D:9)
  Grum (D:8)
  2 steam dragons
  3 water moccasins
  2 black bears (D:5)
  4 orc warriors
  3 sky beasts
  An ogre (D:6)
  12 wolves
  2 phantoms (D:5)
  A bullfrog (Lair:2)
  A kobold brigand (D:10)
  A scorpion (D:5)
  3 wights (D:7)
  14 killer bees
  3 howler monkeys
  An electric eel (D:6)
  2 vampire bats (Lair:1)
  8 orc priests
  2 hounds
  A jelly (D:8)
  A gnoll bouda (D:4)
  Ijyb (D:4)
  3 sleepcaps
  4 iguanas
  13 orc wizards
  12 gnolls
  5 adders
  A shadow imp (D:5)
  3 ufetubi
  A worm (D:3)
  A dart slug (D:5)
  54 orcs
  3 endoplasms
  A giant cockroach (D:4)
  13 hobgoblins
  2 jackals (D:3)
  4 quokkas
  8 ball pythons
  13 bats
  2 frilled lizards
  8 goblins
  14 kobolds
  6 rats
  A spectral orc (D:5)
266 creatures vanquished.

Vanquished Creatures (others)
  An ogre (D:5)
  An iguana (D:5)
  An adder (D:5)
  2 orcs (D:5)
5 creatures vanquished.

Grand Total: 271 creatures vanquished

Notes
Turn   | Place    | Note
-------+----------+-------------------------------------------
     0 | D:1      | NateTC the Hill Orc Fighter began the quest for the Orb.
     0 | D:1      | Reached XP level 1. HP: 19/19 MP: 1/1
    88 | D:1      | Reached skill level 3 in Axes
   108 | D:1      | Reached XP level 2. HP: 25/27 MP: 2/2
   829 | D:2      | Reached XP level 3. HP: 34/34 MP: 3/3
   868 | D:2      | Found a faded altar of an unknown god.
  1180 | D:2      | Reached skill level 4 in Axes
  1229 | D:2      | Found a radiant altar of Vehumet.
  1470 | D:2      | Identified a scroll of acquirement
  1470 | D:2      | Acquired a +2 pair of gloves of stealth
  1626 | D:3      | Reached XP level 4. HP: 32/41 MP: 4/4
  1632 | D:3      | Reached skill level 5 in Fighting
  1709 | D:3      | Noticed Sigmund
  1714 | D:3      | Killed Sigmund
  1715 | D:3      | Reached skill level 6 in Axes
  1715 | D:3      | Reached XP level 5. HP: 50/50 MP: 5/5
  1715 | D:3      | Reached XP level 6. HP: 57/57 MP: 6/6
  2513 | D:4      | Noticed Ijyb
  2518 | D:4      | Killed Ijyb
  2573 | D:4      | Found a sparkling altar of Nemelex Xobeh.
  2718 | D:4      | Found Puvvaivoti's Antique Armour Shoppe.
  2923 | D:4      | Reached skill level 7 in Axes
  2923 | D:4      | Reached XP level 7. HP: 64/64 MP: 7/7
  3214 | D:5      | Entered Level 5 of the Dungeon
  3389 | D:5      | Found a shimmering altar of Xom.
  3404 | D:5      | Reached skill level 8 in Axes
  3406 | D:5      | Reached XP level 8. HP: 36/71 MP: 8/8
  3684 | D:5      | Reached skill level 9 in Axes
  3754 | D:5      | Reached skill level 5 in Armour
  3754 | D:5      | Reached skill level 5 in Shields
  3969 | D:5      | Found a burning altar of Makhleb.
  4075 | D:5      | Found Xiuzxuexoe's Armour Emporium.
  4113 | D:5      | Found a basalt altar of Yredelemnul.
  4328 | D:6      | Reached skill level 10 in Axes
  4557 | D:6      | Noticed Maggie
  4566 | D:6      | Killed Maggie
  4567 | D:6      | Reached XP level 9. HP: 16/78 MP: 9/9
  5063 | D:6      | Reached skill level 11 in Axes
  5309 | D:7      | Identified the +3 chain mail of Ibus {+Inv rElec Int-2
                  | Stlth+}
  5392 | D:7      | Found a staircase to the Ecumenical Temple.
  5407 | D:7      | Reached skill level 12 in Axes
  5411 | Temple   | Entered the Ecumenical Temple
  5497 | Temple   | Became a worshipper of Warmaster Okawaru
  5930 | D:8      | Found a staircase to the Lair.
  5958 | D:8      | Noticed Grum
  5972 | D:8      | Killed Grum
  5977 | D:8      | Reached skill level 13 in Axes
  5979 | D:8      | Reached * piety under Okawaru
  6317 | D:8      | Reached XP level 10. HP: 69/90 MP: 10/10
  6766 | D:9      | Noticed a two-headed ogre
  6774 | D:9      | Killed a two-headed ogre
  6774 | D:9      | Reached ** piety under Okawaru
  6775 | D:9      | Reached skill level 14 in Axes
  6800 | D:9      | Reached skill level 15 in Axes
  6804 | D:9      | Reached *** piety under Okawaru
  6974 | D:9      | Reached skill level 10 in Fighting
  7105 | D:9      | Found a staircase to the Orcish Mines.
  7272 | D:9      | Noticed a skeletal warrior
  7287 | D:9      | Killed a skeletal warrior
  7287 | D:9      | Reached **** piety under Okawaru
  7288 | D:9      | Reached skill level 16 in Axes
  7288 | D:9      | Reached XP level 11. HP: 62/101 MP: 11/11
  7459 | D:9      | Reached skill level 1 in Invocations
  8050 | D:9      | Found a shimmering blue altar of Sif Muna.
  8244 | D:10     | Entered Level 10 of the Dungeon
  8274 | D:10     | Noticed a two-headed ogre
  8281 | D:10     | Killed a two-headed ogre
  8600 | D:10     | Found a blossoming altar of Fedhas.
  9099 | Lair:1   | Entered Level 1 of the Lair of Beasts
  9190 | Lair:1   | Reached skill level 5 in Invocations
 10086 | Lair:2   | Reached skill level 1 in Evocations
 10321 | Lair:2   | Found a transporter.
 10321 | Lair:2   | Found a transporter.
 10384 | Lair:2   | Noticed zepal's ghost (journeyman TrMo)
 10387 | Lair:2   | Noticed a death yak
 10396 | Lair:2   | Noticed a seven-headed hydra
 10400 | Lair:2   | Reached ***** piety under Okawaru
 10400 | Lair:2   | Received a gift from Okawaru
 10410 | Lair:2   | Slain by a 13-headed hydra

Illustrated notes

Levels and vault maps discovered:
D:1:      dpeg_arrival_refuge, layout_rooms, serial_rivers,
          chequers_serial_rivers_small_a, chequers_serial_rivers_micro_c,
          chequers_serial_rivers_room_b, chequers_serial_rivers_room_a,
          chequers_serial_rivers_micro_a, kennysheep_small_spiral,
          nrook_mini_backslash, grunt_decor_junction
D:2:      layout_loops_ring, chequers_ecumenical_altar_simple_redux, basic_altar
D:3:      layout_loops_ring, minmay_goblin_kobold_house, uniq_sigmund
D:4:      layout_loops_ring, lemuel_round_altar, nicolae_take_the_stairs,
          minmay_quadrilaterals, uniq_ijyb
D:5:      layout_rooms, lightli_temple_of_fire, xom_confusion_cloud,
          yredelemnul_forgotten_temple_becter, serial_shops, shop
D:6:      layout_basic, minmay_tree_intersection, nicolae_water_bricks,
          kennysheep_nondescript, uniq_maggie
D:7:      layout_rooms, minmay_temple_entry_grid
D:8:      layout_loops_ring, lair_entry_dummy, uniq_grum
D:9:      layout_loops_ring, led_sif_book, hiddenorc2_lemuel,
          kennysheep_generic_room_13
D:10:     layout_loops_ring, mainiacjoe_overflow_cross_hatched
Temple:   nicolae_temple_slightly_damp_pantheon
Lair:1:   layout_roguey, roderic_batcave
Lair:2:   layout_chaotic_city, nzn_ghost_randoct

Skill      XL: |  1  2  3  4  5  6  7  8  9 10 11 |
---------------+----------------------------------+-----
Axes           | 3 4 6 7 8 10 13 16 | 16.8
Fighting       | 4 6 8 10 | 10.7
Armour         | 4 6 |  6.0
Shields        | 4 6 |  6.0
Invocations    | 7 |  7.7
Evocations     | 2 |  2.9

Action                     |  1- 3 |  4- 6 |  7- 9 | 10-12 || total
---------------------------+-------+-------+-------+-------++-------
  Melee: War axe           |    65 |    79 |    85 |       ||   229
         Broad axe         |       |       |    93 |   318 ||   411
  Evoke: Wand              |       |       |       |     1 ||     1
    Use: Scroll            |    13 |       |     8 |     3 ||    24
         Potion            |       |       |       |     2 ||     2
   Stab: Confused          |       |       |     1 |       ||     1
         Distracted        |       |       |       |     1 ||     1
 Armour: Scale mail        |    18 |       |       |       ||    18
         Chain mail        |    22 |    68 |   144 |   205 ||   439
  Dodge: Dodged            |    29 |    33 |    75 |    98 ||   235
  Block: Buckler           |    10 |    17 |    45 |    59 ||   131
